 Dungeon Crawl Stone Soup version 0.15-a0-2265-gb33f7a6 (webtiles) character file.

470 Crauler the Slasher (level 7, 0/47 HPs)
             Began as a Halfling Fighter on July 27, 2014.
             Killed from afar by Blork the orc (6 damage)
             ... with a magic dart
             ... on Level 5 of the Dungeon.
             The game lasted 00:15:30 (5456 turns).

Crauler the Slasher (Halfling Fighter)              Turns: 5456, Time: 00:15:31

HP   0/47        AC 12     Str 20      XL: 7   Next: 31%
MP   7/7         EV  9     Int  7      God:
Gold 433         SH  8     Dex 16      Spells:  0 memorised,  6 levels left

rFire  . . .     SeeInvis .     y - +0 falchion
rCold  . . .     Clarity  .     p - +0 chain mail
rNeg   . . .     rCorr    .     C - +2 buckler
rPois  .         rRot     .     q - +0 helmet
rElec  .         Spirit   .     (no cloak)
SustAb .         Warding  .     (no gloves)
rMut   .         Stasis   .     (no boots)
Gourm  .                        o - cursed amulet of inaccuracy
MR     .....                    w - +2 ring of protection
                                g - +4 ring of strength

@: not resistant to hostile enchantments, extremely unstealthy
A: mutation resistance 1
a: no special abilities


You were on level 5 of the Dungeon.
You were hungry.

You visited 1 branch of the dungeon, and saw 5 of its levels.

You collected 433 gold pieces.

Inventory:

Hand weapons
 a - a +0 long sword
 s - a +1 greatsling
 y - a +0 falchion (weapon)
 A - a +0 blowgun
Missiles
 f - 9 tomahawks (quivered)
 j - 4 needles of sleeping
 k - 24 sling bullets
 u - 298 stones
 x - 6 poisoned needles
 F - 4 sling bullets of flame
Armour
 p - a +0 chain mail (worn)
 q - a +0 helmet (worn)
 C - a +2 buckler (worn)
Comestibles
 d - 4 bread rations
 n - 2 beef jerkies
 r - 3 meat rations
 v - 3 fruits
 H - a royal jelly
 I - 2 rotting chunks of worker ant flesh
Scrolls
 m - a scroll of identify
 z - a scroll of recharging
 E - a scroll of enchant weapon
Jewellery
 g - a +4 ring of strength (left hand)
 o - a cursed amulet of inaccuracy (around neck)
 w - a +2 ring of protection (right hand)
 D - an uncursed amulet of the gourmand
Potions
 b - 2 potions of mutation {unknown}
 c - a potion of restore abilities {unknown}
 e - 2 potions of might
 h - a potion of agility {unknown}
 i - 2 potions of brilliance {unknown}
 l - a potion of lignification {unknown}
 t - a potion of heal wounds
 B - a potion of poison {unknown}
 G - a potion of haste {unknown}


   Skills:
 + Level 3.9 Fighting
 * Level 5.0 Long Blades
 + Level 4.7 Armour
 + Level 4.7 Shields


You had 6 spell levels left.
You didn't know any spells.

Dungeon Overview and Level Annotations

Branches:
Dungeon (5/15)
 Temple: D:4-7

Altars:
Fedhas
Qazlal

Annotations:
D:5 Blork the orc


Innate Abilities, Weirdness & Mutations

You are small and have problems with some larger weapons.
You are somewhat resistant to further mutation.


Message History

Blork the orc draws strength from your injuries!
You slash Blork the orc!
Blork the orc is heavily wounded.
You block the bat's attack.
Blork the orc hits you with a vampiric glaive.
Blork the orc draws strength from your injuries!
You hit Blork the orc.
Blork the orc is heavily wounded.
You block the bat's attack. You block Blork the orc's attack.
You closely miss Blork the orc.
Blork the orc is heavily wounded.
The bat hits you. You block Blork the orc's attack. You block the bat's attack.
Blork the orc gestures at you while chanting.
The magic dart hits you!
* * * LOW HITPOINT WARNING * * *
Blork the orc looks angry.
Blork the orc casts a spell at you. The magic dart hits you!
You die...

# .. #. # #.
.# #. .# #.
#.## #.
##...##
##.##.....##
#.o.@<..[..#
#.#.....$.....
#.b........##
#####.....##
##...## #.##
.# .#


You could see Blork the orc and a bat.

Vanquished Creatures
  A hound (D:4)
  4 worker ants
  An orc wizard (D:3)
  6 adders
  7 gnolls
  3 worms
  3 giant geckos
  An ooze (D:3)
  8 orcs
  4 giant cockroaches
  10 hobgoblins
  25 jackals
  42 kobolds
  3 quokkas
  9 bats
  7 giant newts
  10 goblins
  20 rats
164 creatures vanquished.

Notes
Turn   | Place    | Note
--------------------------------------------------------------
     0 | D:1      | Crauler, the Halfling Fighter, began the quest for the Orb.
     0 | D:1      | Reached XP level 1. HP: 15/15 MP: 1/1
   110 | D:1      | Reached XP level 2. HP: 20/20 MP: 2/2
   195 | D:1      | Reached XP level 3. HP: 15/25 MP: 3/3
   797 | D:2      | Reached XP level 4. HP: 28/31 MP: 4/4
   957 | D:2      | Reached XP level 5. HP: 15/36 MP: 5/5
  1122 | D:2      | Reached skill level 4 in Armour
  2580 | D:3      | Reached XP level 6. HP: 9/42 MP: 6/6
  2912 | D:3      | Found a stormy altar of Qazlal.
  4387 | D:4      | Reached XP level 7. HP: 39/47 MP: 7/7
  4997 | D:4      | Found a blossoming altar of Fedhas.
  5172 | D:4      | Reached skill level 5 in Long Blades
  5418 | D:5      | Entered Level 5 of the Dungeon
  5423 | D:5      | Noticed Blork the orc
  5456 | D:5      | Killed from afar by Blork the orc

Action                   |  1- 3 |  4- 6 |  7- 9 || total
-------------------------+-------+-------+-------++-------
Melee: Long sword        |   128 |   130 |       ||   258
       Falchion          |       |   288 |   101 ||   389
 Fire: Greatsling        |       |    23 |       ||    23
  Use: Potion            |       |     1 |       ||     1
       Scroll            |       |     5 |       ||     5
  Eat: Chunk             |       |    12 |     3 ||    15
